 Dungeon Crawl Stone Soup version 0.22-a0-348-gd16d1391c7 (webtiles) character file.

3324 Banto the Frost Mage (level 10, 0/56 HPs)
             Began as an Octopode Ice Elementalist on Apr 9, 2018.
             Was a Follower of Vehumet.
             Slain by an ice beast (13 damage)
             ... on level 8 of the Dungeon.
             The game lasted 00:19:50 (11048 turns).

Banto the Frost Mage (Octopode Ice Elementalist)   Turns: 11048, Time: 00:19:51

Health: 0/56       AC:  1    Str:  7    XL:     10   Next: 2%
Magic:  12/17      EV: 13    Int: 22    God:    Vehumet [*.....]
Gold:   409        SH:  4    Dex: 12    Spells: 5/19 levels left

rFire    . . .     SeeInvis .   l - +2 dagger (drain)
rCold    . . .     Gourm    .   (no shield)
rNeg     . . .     Faith    .   (helmet restricted)
rPois    .         Spirit   .   a - +4 amulet of reflection
rElec    .         Reflect  +   p - ring of stealth
rCorr    +         Harm     .   x - ring of resist corrosion
MR       .....                  (no ring)
Stlth    ++++++....             (no ring)
HPRegen  0.18/turn              (no ring)
MPRegen  0.15/turn              (no ring)
                                (no ring)
                                (no ring)

@: no status effects
A: almost no armour, stealthy swim, amphibious, 8 rings, constrict 8, camouflage
1, gelatinous body 1
a: Renounce Religion


You were on level 8 of the Dungeon.
You worshipped Vehumet.
Vehumet was aware of your devotion.
You were not hungry.

You visited 2 branches of the dungeon, and saw 11 of its levels.

You collected 409 gold pieces.

Inventory:

Hand Weapons
 l - a +2 dagger of draining (weapon)
Missiles
 d - 5 curare-tipped needles
 j - 3 javelins (quivered)
 y - a throwing net
Jewellery
 a - a +4 amulet of reflection (around mantle)
 p - a ring of stealth (left tentacle)
 x - a ring of resist corrosion (right tentacle)
Wands
 m - a wand of random effects (49)
 u - a wand of disintegration (11)
 z - a wand of acid (9)
Scrolls
 i - 5 scrolls of remove curse
 n - 3 scrolls of teleportation
 o - a scroll of random uselessness {unknown}
 s - a scroll of enchant armour
 w - 2 scrolls of identify
Potions
 c - 5 potions of lignification
 e - 3 potions of might
 f - a potion of resistance {unknown}
 g - a potion of agility
 h - a potion of haste
 k - a potion of flight
 q - 2 potions of curing
 r - a potion of heal wounds {unknown}
 t - a potion of invisibility
 v - a potion of brilliance {unknown}
Comestibles
 b - 23 rations


   Skills:
 + Level 7.3 Short Blades
 - Level 2.0 Dodging
 - Level 8.0 Stealth
 - Level 5.1 Spellcasting
 - Level 1.0 Conjurations
 + Level 4.9 Hexes
 - Level 8.0 Ice Magic


You had 5 spell levels left.
You knew the following spells:

 Your Spells              Type           Power        Failure   Level  Hunger
a - Freeze                Ice            ####         1%          1    None
b - Throw Frost           Conj/Ice       ####..       2%          2    None
c - Ozocubu's Armour      Chrm/Ice       ###.....     6%          3    ##.....
d - Throw Icicle          Conj/Ice       ####....     16%         4    ####...
e - Flame Tongue          Conj/Fire      #....        9%          1    None
f - Confuse               Hex            ####....     4%          3    ##.....


Dungeon Overview and Level Annotations

Branches:
Dungeon (10/15)            Temple (1/1) D:4
   Lair: D:8-11         Orc: D:9-12

Altars:
Ashenzari
Cheibriados
Dithmenos
Elyvilon
Fedhas
Gozag
Hepliaklqana
Kikubaaqudgha
Makhleb
Nemelex Xobeh
Okawaru
Qazlal
Ru
Sif Muna
Trog
Uskayaw
Vehumet
Wu Jian
Xom
Yredelemnul
Zin
The Shining One

Shops:
D:7 *   D:9 (

Annotations:
D:2 Terence
D:5 katzbalger's ghost, novice HuAE
D:7 exclusions: centaur and 2 more exclusions


Innate Abilities, Weirdness & Mutations

You cannot wear most types of armour.
You are very stealthy in the water. (Stealth+)
You are amphibious.
You can wear up to eight rings at the same time.
You can use your tentacles to constrict eight enemies at once.
Your skin changes colour to match your surroundings (Stealth+).
Your rubbery body absorbs attacks. (AC +1, EV +1)


Message History

Casting: Flame Tongue (safe; 9% risk of failure)
Confirm with . or Enter, or press ? or * to list all spells.
Aiming: Flame Tongue (safe; 9% risk of failure)
Press: ? - help, Shift-Dir - straight line, f/p - ice beast
Aim: an ice beast (heavily wounded)
The flame tongue misses the ice beast.
The ice beast hits you. The ice beast freezes you!
* * * LOW HITPOINT WARNING * * *
You take 12 damage, and have 15/56 hp.
MASSIVE DAMAGE!!
You now have 13/17 mp.
Casting: Flame Tongue (safe; 9% risk of failure)
Confirm with . or Enter, or press ? or * to list all spells.
Aiming: Flame Tongue (safe; 9% risk of failure)
Press: ? - help, Shift-Dir - straight line, f/p - ice beast
Aim: an ice beast (heavily wounded)
The flame tongue hits the ice beast.
The ice beast appears unharmed.
The ice beast is heavily wounded.
The ice beast hits you.
* * * LOW HITPOINT WARNING * * *
The ice beast freezes you!
You die...

# #># #### #.# #... #.#
############# #... .
#.#.#...........# #...
..#########.#.#......####.###...
..............#@###..# #.#.'...
#...(.....###Y# #..# #.#.#...
#...)........<# #..####.....##
...g..)##.#####.###...........#
####g## #.#..........#####....##
# #.#............####.))).
#.#.#.#####.....# ###### #.#
#...# #.....### #.# ###.#
#.......#


You could see an ice beast.

Vanquished Creatures
  Maurice (D:8)
  A kobold demonologist (D:10)
  Menkaure (D:7)
  2 ice beasts
  A black bear (D:9)
  2 ogres
  3 phantoms
  4 centaurs
  2 big kobolds
  4 bullfrogs
  A scorpion (D:10)
  A crimson imp (D:7)
  4 hounds
  2 jellies
  2 bullfrog skeletons (D:9)
  A centaur zombie (D:6)
  2 orc priests
  15 orc wizards
  4 worker ants
  A hound zombie (D:4)
  A hound skeleton (D:5)
  2 worker ant zombies
  6 gnolls
  8 adders
  A shadow imp (D:7)
  2 adder zombies
  3 worms
  4 dart slugs
  2 leopard geckos
  30 orcs
  5 giant cockroaches
  12 goblins
  11 hobgoblins
  10 jackals
  14 kobolds
  4 quokkas
  6 bats
  4 frilled lizards
  A leopard gecko zombie (D:5)
  5 rats
185 creatures vanquished.

Vanquished Creatures (others)
  A human (D:2)
1 creature vanquished.

Grand Total: 186 creatures vanquished

Notes
Turn   | Place    | Note
-------+----------+-------------------------------------------
     0 | D:1      | Banto the Octopode Ice Elementalist began the quest for the Orb.
     0 | D:1      | Reached XP level 1. HP: 11/11 MP: 3/3
   119 | D:1      | Reached XP level 2. HP: 17/17 MP: 3/5
   464 | D:1      | Reached XP level 3. HP: 14/21 MP: 3/6
   914 | D:2      | Noticed Terence
  1167 | D:2      | Found an ancient bone altar of Kikubaaqudgha.
  1168 | D:2      | Noticed a human
  1171 | D:2      | Killed a human
  1406 | D:2      | Learned a level 2 spell: Throw Frost
  1410 | D:2      | Learned a level 3 spell: Ozocubu's Armour
  1421 | D:2      | Reached XP level 4. HP: 24/27 MP: 5/7
  2031 | D:2      | Found a glowing golden altar of the Shining One.
  2539 | D:3      | You fall through a shaft for 2 floors!
  2539 | D:5      | Entered Level 5 of the Dungeon
  2623 | D:5      | Noticed an ogre
  2624 | D:5      | Reached skill level 5 in Ice Magic
  2624 | D:5      | Reached XP level 5. HP: 25/31 MP: 4/8
  2641 | D:5      | Killed an ogre
  2641 | D:5      | Reached skill level 5 in Stealth
  2852 | D:5      | Found a snail-covered altar of Cheibriados.
  2853 | D:5      | Found a shattered altar of Ashenzari.
  2853 | D:5      | Found a bloodstained altar of Trog.
  2854 | D:5      | Found a basalt altar of Yredelemnul.
  2915 | D:5      | Reached XP level 6. HP: 34/36 MP: 9/9
  3002 | D:4      | Found a staircase to the Ecumenical Temple.
  3018 | Temple   | Entered the Ecumenical Temple
  3036 | Temple   | Became a worshipper of Vehumet
  3262 | D:4      | Noticed a phantom
  3415 | D:4      | Killed a phantom
  3415 | D:4      | Reached XP level 7. HP: 6/41 MP: 7/10
  3990 | D:3      | Found a hide-covered altar of Uskayaw.
  3993 | D:3      | Found a shadowy altar of Dithmenos.
  3994 | D:3      | Found a hazy altar of Hepliaklqana.
  4004 | D:3      | Found an iron altar of Okawaru.
  4004 | D:3      | Found a white marble altar of Elyvilon.
  4061 | D:4      | Learned a level 4 spell: Throw Icicle
  4257 | D:4      | Found a deep blue altar of Sif Muna.
  4386 | D:4      | Identified Sif Muna's Papyrus of Hexes
  5447 | D:5      | Noticed katzbalger's ghost (novice HuAE)
  5969 | D:6      | Reached XP level 8. HP: 46/46 MP: 11/11
  6238 | D:6      | Reached skill level 1 in Short Blades
  6689 | D:6      | Identified a scroll of acquirement
  6690 | D:6      | Got a steaming buckler
  6696 | D:6      | Identified the +0 buckler "Meeng" {-Cast rElec MR+} (You acquired it on level 6 of the Dungeon)
  6902 | D:6      | Reached * piety under Vehumet
  6902 | D:6      | Offered knowledge of Flame Tongue by Vehumet.
  7146 | D:6      | Learned a level 1 spell: Flame Tongue
  7332 | D:7      | Noticed Menkaure
  7339 | D:7      | Killed Menkaure
  7591 | D:7      | Found Zaizomiu's General Store.
  7992 | D:7      | Reached XP level 9. HP: 45/51 MP: 13/15
  8096 | D:7      | Learned a level 3 spell: Confuse
  8257 | D:7      | Reached skill level 5 in Short Blades
  8424 | D:7      | Reached skill level 5 in Spellcasting
  8846 | D:8      | Noticed Maurice
  8847 | D:8      | Reached skill level 1 in Hexes
  8894 | D:8      | Killed Maurice
  8906 | D:8      | You fall through a shaft for 2 floors!
  8906 | D:10     | Entered Level 10 of the Dungeon
  8908 | D:10     | Noticed a two-headed ogre
  9368 | D:9      | Found Ythran's Antique Weapon Shoppe.
  9995 | D:9      | Reached ** piety under Vehumet
 10268 | D:9      | Offered knowledge of Throw Flame by Vehumet.
 10398 | D:10     | Noticed a kobold demonologist
 10398 | D:10     | Noticed a kobold demonologist
 10422 | D:10     | Killed a kobold demonologist
 10964 | D:8      | Reached XP level 10. HP: 36/56 MP: 15/17
 11048 | D:8      | Slain by an ice beast

Vault maps used:
D:1:      nzn_arrival_water_spiral
D:2:      tso_oasis_becter, tgw_kikubaaqudgha, uniq_terence
D:3:      minmay_overflow_temple_star_hex
D:4:      led_sif_book, temple_fountains
D:5:      chequers_temple_overflow_statue_of_worship, first_ration
D:6:      corexii_shack_village
D:7:      serial_shops, shop, grunt_ogre_cave, centaur_isle, uniq_menkaure
D:8:      uniq_maurice
D:9:      serial_shops, shop
D:10:     enter_bailey_3
Temple:   minmay_freezing_vapour_temple

Skill      XL: |  1  2  3  4  5  6  7  8  9 |
---------------+----------------------------+-----
Stealth        | 3 4 5 6 7 8 |  8.0
Ice Magic      | 4 5 6 7 8 |  8.0
Short Blades   | 4 7 |  7.3
Spellcasting   | 4 5 |  5.1
Hexes          | 4 |  4.9
Dodging        | |  2.0
Conjurations   | |  1.0

Action                   |  1- 3 |  4- 6 |  7- 9 | 10-12 || total
-------------------------+-------+-------+-------+-------++-------
Melee: Unarmed           |     2 |       |       |       ||     2
       Constrict         |    13 |    20 |    35 |     1 ||    69
       Club              |    34 |       |       |       ||    34
       Tentacles         |     3 |    13 |    42 |       ||    58
       Dagger            |     5 |   113 |   251 |     5 ||   374
 Cast: Freeze            |    39 |    37 |    51 |     3 ||   130
       Throw Frost       |       |     7 |    14 |       ||    21
       Ozocubu's Armour  |       |     5 |     7 |       ||    12
       Throw Icicle      |       |       |     2 |       ||     2
       Flame Tongue      |       |       |    33 |     5 ||    38
       Confuse           |       |       |     7 |       ||     7
Evoke: Wand              |       |     1 |     1 |       ||     2
  Use: Scroll            |     8 |     5 |    10 |       ||    23
       Potion            |       |       |     2 |       ||     2
 Stab: Sleeping          |     8 |     8 |    28 |     2 ||    46
       Confused          |       |       |     1 |       ||     1
  Eat: Chunk             |     2 |     7 |    20 |       ||    29
       Ration            |       |       |     2 |       ||     2
Armor: Skin              |     5 |    22 |    36 |     1 ||    64
Dodge: Dodged            |    42 |    65 |   128 |     3 ||   238
Block: Other             |     5 |    20 |     9 |     1 ||    35
       Reflection        |       |     1 |     2 |       ||     3

Table legend:
 A = Spawn XP
 B = Non-spawn XP
 C = Spawn XP percentage of total XP
 D = Spawn monster count
 E = Non-spawn monster count
 F = Spawn count percentage of total count
 G = Total turns spent on level
                    A         B        C        D         E        F      G
               +---------+---------+-------+---------+---------+-------+---------
         Total |       0 |    4749 |   0.0 |       0 |     185 |   0.0 | 11048
               +---------+---------+-------+---------+---------+-------+---------
           D:1 |       0 |      48 |   0.0 |       0 |      23 |   0.0 |   947
           D:2 |       0 |      42 |   0.0 |       0 |      18 |   0.0 |  1111
           D:3 |       0 |      91 |   0.0 |       0 |      22 |   0.0 |   956
           D:4 |       0 |     427 |   0.0 |       0 |      23 |   0.0 |  1422
           D:5 |       0 |     515 |   0.0 |       0 |      18 |   0.0 |  1506
           D:6 |       0 |     561 |   0.0 |       0 |      24 |   0.0 |  1362
           D:7 |       0 |    1157 |   0.0 |       0 |      26 |   0.0 |  1335
           D:8 |       0 |     803 |   0.0 |       0 |      18 |   0.0 |   635
           D:9 |       0 |     667 |   0.0 |       0 |      11 |   0.0 |  1391
          D:10 |       0 |     438 |   0.0 |       0 |       2 |   0.0 |   359
               +---------+---------+-------+---------+---------+-------+---------

Table legend:
 A = Turns spent in this place as a percentage of turns spent in the entire game.
 B = Non-inter-level travel turns spent in this place as a percentage of non-inter-level travel turns spent in the entire game.
 C = Inter-level travel turns spent in this place as a percentage of turns spent in this place.
 D = Turns resting spent in this place as a percentage of non-inter-level travel turns spent in this place.
 E = Turns spent auto-exploring this place as a percentage of non-inter-level travel turns spent in this place.
 F = Non-inter-level travel turns spent in this place divided by the number of levels of this place that you've seen.
                   A       B       C       D       E      F
               +-------+-------+-------+-------+-------+----------------------
         Total | 100.0 | 100.0 |   3.5 |  34.3 |  40.5 | 968.9
       Dungeon |  99.8 |  99.8 |   3.5 |  34.4 |  40.6 | 1063.8
        Temple |   0.2 |   0.2 |  16.7 |   0.0 |   0.0 |  20.0
               +-------+-------+-------+-------+-------+----------------------

Table legend:
 A = Kills in this place as a percentage of kills in entire the game.
 B = Kills by you in this place as a percentage of kills by you in the entire game.
 C = Kills by friends in this place as a percentage of kills by friends in the entire game.
 D = Other kills in this place as a percentage of other kills in the entire game.
 E = Experience gained in this place as a percentage of experience gained in the entire game.
 F = Experience gained in this place divided by the number of levels of this place that you have seen.
                   A       B       C       D       E      F
               +-------+-------+-------+-------+-------+----------------------
         Total | 100.0 | 100.0 |   N/A |   N/A | 100.0 | 431.7
       Dungeon | 100.0 | 100.0 |   N/A |   N/A | 100.0 | 474.9
               +-------+-------+-------+-------+-------+----------------------
